 Dungeon Crawl Stone Soup version 0.30-a0-528-g8c47a4955b (webtiles) character file.

Game seed: 12241515196121145690

9415 IdlyInterested the Basher (level 11, -10/118 HPs)
             Began as a Demonspawn Fighter on Dec 22, 2022.
             Mangled by Sonja
             ... wielding a +2 dagger of distortion
              (13 damage)
             ... on level 10 of the Dungeon on Dec 23, 2022.
             The game lasted 00:58:52 (9966 turns).

IdlyInterested the Basher (Demonspawn Fighter)      Turns: 9966, Time: 00:58:53

Health: -10/118    AC: 20    Str: 26    XL:     11   Next: 22%
Magic:  11/11      EV: 13    Int:  9    God:
Gold:   464        SH:  0    Dex: 14    Spells: 10/10 levels left

rFire   . . .      SeeInvis .    B - +4 eveningstar (vorpal)
rCold   . . .      Faith    .    (no shield)
rNeg    . . .      Spirit   .    X - +0 steam dragon scales
rPois   .          Reflect  .    A - +0 helmet
rElec   .          Harm     .    M - +0 cloak
rCorr   .          Rampage  .    (gloves unavailable)
Will    .....                    o - +1 pair of boots
Stlth   x                          - amulet of regeneration
HPRegen 1.19/turn                U - +6 ring of strength
MPRegen 0.12/turn                R - +4 ring of protection

@: berserking (expiring), lethally poisoned (-10 -> -11), sanguine armoured,
slowed
A: claws 3, foul stench 2, sanguine armour 1
a: no special abilities


You were on level 10 of the Dungeon.
You visited 2 branches of the dungeon, and saw 11 of its levels.
You also visited: Ossuary.

You collected 584 gold pieces.
You spent 120 gold pieces at shops.

Inventory:

Hand Weapons
 a - a +1 flail
 k - a +0 rapier
 r - a +2 rapier of electrocution
 s - a +1 mace of protection
 v - a +4 dagger
 B - a +4 vorpal eveningstar (weapon)
 C - a +1 whip of electrocution
 E - a +2 dagger of speed
 H - the +5 sling "Akekliops" {freeze, rElec rPois Str+2 Stlth+}
   (You found it on level 5 of the Dungeon)

   Any ammunition fired from it freezes those it strikes, dealing additional
   cold damage.
   It can also slow down cold-blooded creatures.
   Str:       It affects your strength (+2).
   rElec:     It insulates you from electricity.
   rPois:     It protects you from poison.
   Stlth:     It makes you more stealthy.
 O - a +2 dagger of venom
 W - a +2 short sword of speed
 Z - the +6 dagger "Dragon's Tongue" {drain, Str+4 Dex+4}
   (You found it on level 10 of the Dungeon)

   A truly terrible weapon, it drains the life of any living foe it strikes.
   Str:       It affects your strength (+4).
   Dex:       It affects your dexterity (+4).
Missiles
 i - 76 stones (quivered)
 F - 5 boomerangs
 L - 3 silver javelins
 P - 5 boomerangs of dispersal
 Q - 3 javelins
 S - 28 poisoned darts
Armour
 c - a +0 buckler
 e - a +0 plate armour
 o - a +1 pair of boots (worn)
 A - a +0 helmet (worn)
 M - a +0 cloak (worn)
 X - +0 steam dragon scales (worn)
 Y - a +0 leather armour of fire resistance
Magical Staves
 q - a staff of fire
Jewellery
 x - an amulet of regeneration (around neck)
 R - a +4 ring of protection (right claw)
 U - a +6 ring of strength (left claw)
Wands
 m - a wand of flame (8)
 p - a wand of charming (6)
 w - a wand of digging (8)
 V - a wand of light (7)
Scrolls
 d - 2 scrolls of butterflies
 f - 6 scrolls of teleportation
 l - 6 scrolls of identify
 t - 2 scrolls of enchant armour
 u - 3 scrolls of amnesia
 y - 4 scrolls of magic mapping
 I - 2 scrolls of vulnerability
 N - 5 scrolls of fog
Potions
 g - a potion of magic
 h - 5 potions of resistance
 n - 3 potions of brilliance
 z - 2 potions of flight
 D - 2 potions of lignification
 G - 2 potions of attraction
 K - 2 potions of haste


   Skills:
 * Level 5.0 Fighting
 * Level 14.2 Maces & Flails
 - Level 3.0 Armour
 - Level 3.0 Dodging
 - Level 3.0 Shields
 - Level 5.0 Unarmed Combat
 * Level 2.2 Evocations


You had 10 spell levels left.
You didn't know any spells.
Your spell library contained the following spells:

 Spells                   Type           Power      Damage    Failure   Level
 Beastly Appendage        Tmut           0%         N/A       38%         1
 Ensorcelled Hibernation  Hex/Ice        0%         N/A       52%         2
 Sublimation of Blood     Necr           0%         N/A       52%         2
 Wereblood                Tmut           0%         N/A       52%         2
 Frozen Ramparts          Ice            0%         1d1       77%         3
 Hailstorm                Conj/Ice       0%         3d3       77%         3
 Spider Form              Tmut/Pois      0%         N/A       77%         3
 Anguish                  Hex/Necr       0%         N/A       99%         4
 Ice Form                 Ice/Tmut       0%         N/A       99%         4
 Petrify                  Tmut/Erth      0%         N/A       99%         4
 Summon Ice Beast         Ice/Summ       0%         N/A       99%         4
 Irradiate                Conj/Tmut      0%         3d11      100%        5
 Simulacrum               Ice/Necr       0%         N/A       100%        6


Dungeon Overview and Level Annotations

Branches:
Dungeon (10/15)            Temple (1/1) D:6            Lair (0/5) D:8
    Orc (0/2) D:10        Ossuary (visited)

Altars:
Ashenzari
Cheibriados
Dithmenos
Fedhas
Gozag
Hepliaklqana
Kikubaaqudgha
Makhleb
Nemelex Xobeh
Okawaru
Qazlal
Ru
Sif Muna
Trog
Uskayaw
Vehumet
Wu Jian
Xom
Yredelemnul

Shops:
D:2 =   D:5 ?

Annotations:
D:10 1 runed translucent door, Sonja


Innate Abilities, Weirdness & Mutations

You have claws for hands.
You sometimes emit foul miasma when damaged in melee.
When seriously injured, your blood forms armour. (AC +6)


Message History

You feel extremely sick.
You puncture Sonja!
Sonja is severely wounded.
You feel very sick.
Sonja mumbles some strange words.
Sonja blinks!
You feel very sick.
You feel very sick.
Sonja closely misses you. x2; Sonja hits you but does no damage.
You blink.
Sonja mumbles some strange words.
Sonja blinks!
You feel better.
Sonja mumbles some strange words.
Sonja blinks!
You feel better.
Sonja throws a curare-tipped dart.
The curare-tipped dart closely misses you.
A red film seems to cover your vision as you go berserk!
You feel yourself moving faster!
You feel mighty!
Sonja throws a curare-tipped dart.
The curare-tipped dart hits you.
You are poisoned.
You have difficulty breathing.
* * * LOW HITPOINT WARNING * * *
You feel as though you will be slow longer.
You closely miss Sonja.
Sonja is severely wounded.
You feel very sick. Sonja barely misses you. Sonja hits you but does no damage.
Space warps horribly around you!!
* * * LOW HITPOINT WARNING * * *
Sonja barely misses you.
You completely miss Sonja.
Sonja is severely wounded.
You feel sick. Sonja hits you but does no damage.
You blink.
* * * LOW HITPOINT WARNING * * *
You feel very sick.
You feel a strong urge to attack something.
You feel sick.
You feel sick. Sonja hits you but does no damage.
Space warps horribly around you!
You die...

.....#.......#....#####
.....#.......#....#
.....#.......#....#
.....#(ยง.....#....#
.....##'######....#
...)..............#######
########+#..............#
#..............#
#......@K......#
#.........######
#.........# #.........#
#....[....# #.........#
#.........#
#.........#######
#.....).........#


You could see Sonja.

Vanquished Creatures
  Pikel (D:4)
  2 centaur zombies (D:7)
  4 centaur skeletons (D:7)
  Maggie (D:9)
  A redback zombie (D:7)
  2 hellwings (D:7)
  3 hornets
  A shadow (D:10)
  Eustachio (D:4)
  A wyvern (D:8)
  An acid dragon (D:10)
  6 water moccasins
  3 orc warriors
  2 ice beasts
  A sky beast (D:6)
  5 black bears
  2 centaurs
  4 phantoms
  3 elf zombies (Ossuary)
  3 kobold brigands
  5 bullfrogs
  A necrophage (D:6)
  5 scorpions
  11 killer bees
  3 howler monkeys
  2 hounds (D:5)
  A human zombie (Ossuary)
  10 orc priests
  2 gnoll boudas
  Ijyb (D:3)
  3 iguanas
  6 orc wizards
  4 hound zombies
  A hound skeleton (D:4)
  4 mummies (Ossuary)
  12 gnolls
  5 adders
  5 shadow imps
  A white imp (D:6)
  3 ufetubi (D:5)
  6 adder zombies (D:4)
  An adder skeleton (D:4)
  4 worms
  4 dart slugs
  44 orcs
  4 ball pythons
  6 bats
  8 endoplasms
  7 giant cockroaches
  A gnoll zombie (Ossuary)
  3 goblins
  10 hobgoblins
  9 jackals
  26 kobolds
  3 quokkas
  3 frilled lizards (D:2)
  A goblin zombie (Ossuary)
  A jackal zombie (Ossuary)
  3 kobold zombies (Ossuary)
  An orc zombie (Ossuary)
  8 rats
285 creatures vanquished.

Vanquished Creatures (others)
  24 fungi (D:8)
  20 plants (D:8)
  5 withered plants (D:7)
49 creatures vanquished.

Grand Total: 334 creatures vanquished

Notes
Turn   | Place    | Note
-------+----------+-------------------------------------------
     0 | D:1      | IdlyInterested the Demonspawn Fighter began the quest for
                  | the Orb.
     0 | D:1      | Reached XP level 1. HP: 18/18 MP: 1/1
   241 | D:1      | Reached skill level 2 in Maces & Flails
   242 | D:1      | Gained mutation: You have sharp fingernails. [demonic
                  | ancestry]
   242 | D:1      | Reached XP level 2. HP: 24/24 MP: 2/2
   831 | D:1      | Gained mutation: You may rarely emit foul miasma when
                  | damaged in melee. [demonic ancestry]
   831 | D:1      | Reached XP level 3. HP: 27/29 MP: 3/3
  1327 | D:2      | Found Duluim's One-of-a-Kind Rings.
  1456 | D:2      | Reached skill level 3 in Maces & Flails
  1486 | D:2      | Reached XP level 4. HP: 3/35 MP: 4/4
  1665 | D:2      | Identified the +0 ring mail "Naomp" {Rampage}
  1951 | D:2      | Identified the +6 spear of Mubou {vorpal, Str+2 Stlth+}
  2365 | D:2      | Bought a +1 ring of evasion for 30 gold pieces
  2436 | D:3      | Reached skill level 4 in Maces & Flails
  2565 | D:3      | Gained mutation: You have very sharp fingernails. [demonic
                  | ancestry]
  2565 | D:3      | Reached XP level 5. HP: 33/41 MP: 5/5
  2982 | D:3      | Noticed Ijyb
  2998 | D:3      | Killed Ijyb
  3219 | D:4      | Noticed Eustachio
  3230 | D:4      | Killed Eustachio
  3231 | D:4      | Reached skill level 5 in Maces & Flails
  3231 | D:4      | Reached XP level 6. HP: 25/48 MP: 6/6
  3541 | D:4      | Found a sand-covered staircase.
  3546 | Ossuary  | Entered an ossuary
  3578 | Ossuary  | Reached skill level 6 in Maces & Flails
  3615 | Ossuary  | Gained mutation: You sometimes emit foul miasma when
                  | damaged in melee. [demonic ancestry]
  3615 | Ossuary  | Reached XP level 7. HP: 33/54 MP: 7/7
  3658 | Ossuary  | Reached skill level 1 in Unarmed Combat
  3867 | D:4      | Reached skill level 7 in Maces & Flails
  4149 | D:4      | Noticed Pikel
  4201 | D:4      | Killed Pikel
  4202 | D:4      | Reached skill level 8 in Maces & Flails
  4202 | D:4      | Reached XP level 8. HP: 32/61 MP: 8/8
  4205 | D:4      | Upgraded the game from 0.30-a0-509-gd016549fea to
                  | 0.30-a0-528-g8c47a4955b
  4782 | D:5      | Entered Level 5 of the Dungeon
  5100 | D:5      | Reached skill level 9 in Maces & Flails
  5105 | D:5      | Reached skill level 5 in Fighting
  5248 | D:5      | Identified the +5 sling "Akekliops" {freeze, rElec rPois
                  | Str+2 Stlth+}
  5498 | D:5      | Found Ycsyclad's Magic Scroll Emporium.
  5503 | D:5      | Bought a scroll of vulnerability for 60 gold pieces
  5786 | D:5      | Gained mutation: When seriously injured, your blood forms
                  | armour. (AC +6) [demonic ancestry]
  5786 | D:5      | Reached XP level 9. HP: 50/68 MP: 9/9
  6037 | D:5      | Bought a scroll of identify for 30 gold pieces
  6183 | D:6      | Reached skill level 10 in Maces & Flails
  6439 | D:6      | Reached skill level 1 in Dodging
  6462 | D:6      | Found a staircase to the Ecumenical Temple.
  6493 | Temple   | Entered the Ecumenical Temple
  6617 | D:6      | Found a shimmering altar of Xom.
  6922 | D:7      | Reached skill level 11 in Maces & Flails
  6973 | D:7      | Reached XP level 10. HP: 57/74 MP: 10/10
  7187 | D:7      | Reached skill level 12 in Maces & Flails
  7868 | D:8      | Found a staircase to the Lair.
  7890 | D:8      | Reached skill level 13 in Maces & Flails
  7912 | D:8      | Reached skill level 1 in Evocations
  8416 | D:8      | Gained mutation: You have claws for hands. [demonic
                  | ancestry]
  8416 | D:8      | Reached XP level 11. HP: 79/79 MP: 11/11
  9023 | D:9      | Identified a scroll of acquirement
  9024 | D:9      | Acquired a +2 vorpal eveningstar
  9281 | D:9      | Noticed Maggie
  9287 | D:9      | Killed Maggie
  9288 | D:9      | Reached skill level 14 in Maces & Flails
  9647 | D:10     | Entered Level 10 of the Dungeon
  9731 | D:10     | Reached skill level 5 in Unarmed Combat
  9775 | D:10     | Found a shimmering blue altar of Sif Muna.
  9775 | D:10     | Found a sacrificial altar of Ru.
  9775 | D:10     | Found a bloodstained altar of Trog.
  9781 | D:10     | Identified the +1 ring mail "Jero" {Harm rElec rCorr Dex-5}
  9810 | D:10     | Found a runed translucent door.
  9811 | D:10     | Noticed a sixfirhy
  9862 | D:10     | Found a staircase to the Orcish Mines.
  9868 | D:10     | Identified the +6 dagger "Dragon's Tongue" {drain, Str+4
                  | Dex+4}
  9939 | D:10     | Noticed Sonja
  9964 | D:10     | HP: 5/118 [poisoned by Sonja (curare-tipped dart)]
  9966 | D:10     | Mangled by Sonja

Illustrated notes

Levels and vault maps discovered:
D:1:      ncdulo_watergridlock, layout_basic
D:2:      layout_loops_ring, nicolae_shop_unique_rings,
          grunt_decor_mini_mirrors, st_stairs_12, minivault_23
D:3:      layout_loops_ring, grunt_ministairs_6, nrook_uturn,
          kennysheep_cross_room, kennysheep_generic_room_4, uniq_ijyb
D:4:      wad_pebble_path, layout_basic, serial_undead, serial_undead_c,
          serial_undead_d, serial_undead_a, serial_undead_d, enter_ossuary_5,
          dk_rats_in_the_wall, uniq_eustachio, uniq_pikel
D:5:      layout_basic, serial_shops, shop, st_stairs_14
D:6:      layout_cave_pools, xom_teletrap_fun, nicolae_overflow_hidden_temple,
          minmay_temple_entry_sparse_star
D:7:      cheibrodos_grave_circle, layout_loops_ring,
          amcnicky_mini_corridor_feature
D:8:      layout_loops_cross, due_lair_maze_entry_diamond
D:9:      layout_roguey, uniq_maggie
D:10:     cheibrodos_shockbox, layout_irregular_city,
          chequers_temple_overflow_statue_of_worship, orc_0_dummy,
          hangedman_decor_opposing, item_on_display_a, uniq_sonja
Temple:   nicolae_temple_superstar

Skill      XL: |  1  2  3  4  5  6  7  8  9 10 11 |
---------------+----------------------------------+-----
Maces & Flails | 2 3 4 5 6 8 9 11 13 14 | 14.2
Armour         | 3 |  3.0
Shields        | 3 |  3.0
Fighting       | 4 5 |  5.0
Unarmed Combat | 2 3 4 5 |  5.0
Dodging        | 2 3 |  3.0
Evocations     | 1 2 |  2.2

Action                   |  1- 3 |  4- 6 |  7- 9 | 10-12 || total
-------------------------+-------+-------+-------+-------++-------
Melee: Flail             |   139 |    48 |       |       ||   187
       Mace              |       |   215 |   155 |       ||   370
       Punch             |       |     1 |    12 |    12 ||    25
       Whip              |       |       |   310 |   374 ||   684
       Eveningstar       |       |       |       |    56 ||    56
Throw: Stone             |       |       |     9 |    17 ||    26
       Javelin           |       |       |       |     2 ||     2
       Dart              |       |       |       |     1 ||     1
       Boomerang         |       |       |       |     1 ||     1
Evoke: Wand              |       |       |     1 |     2 ||     3
  Use: Potion            |     3 |     3 |     4 |     4 ||    14
       Scroll            |       |    12 |     6 |     4 ||    22
Armor: Scale mail        |    79 |     4 |       |       ||    83
       Ring mail         |       |    13 |       |       ||    13
       Plate armour      |       |   311 |   326 |   230 ||   867
       Steam dragon scal |       |       |       |    19 ||    19
Dodge: Dodged            |    72 |   146 |   117 |   122 ||   457
Block: Buckler           |    31 |       |       |       ||    31

Table legend: (Time is in decaauts)
 A = Elapsed time spent in this place.
 B = Non-inter-level travel time spent in this place.
 C = Inter-level travel time spent in this place.
 D = Time resting spent in this place.
 E = Time spent auto-exploring this place.
 F = Levels seen in this place.
 G = Mean time per level.
                   A        B        C        D        E       F      G
               +--------+--------+--------+--------+--------+-----+--------+
         Total |   9770 |   8353 |   1417 |    422 |   4963 |  12 |  814.2 |
       Dungeon |   9347 |   7945 |   1402 |    416 |   4778 |  10 |  934.7 |
        Temple |    104 |     89 |     15 |      0 |     73 |   1 |  104.0 |
       Ossuary |    318 |    318 |      0 |      6 |    112 |   1 |  318.0 |
               +--------+--------+--------+--------+--------+-----+--------+

Top non-repeatable levels by time:
     D:4: 1384 daAuts
     D:1: 1316 daAuts
     D:5: 1165 daAuts
     D:2: 1094 daAuts
     D:8: 927 daAuts
     D:3: 897 daAuts
     D:7: 891 daAuts
     D:9: 807 daAuts
     D:6: 621 daAuts
 Ossuary: 318 daAuts
    D:10: 240 daAuts
  Temple: 104 daAuts
